AoeStats
← Chaac1706

Arabian Desert

510633345Analyzed
1v1 RM · 1d ago on Oct 1, 2026· 22m 16s· 2 players
Game mode
Random Map
Map size
Tiny (2 player)
Population
200
Speed
Normal
Resources
Standard
Victory
Conquest
Starting age
Dark Age
Ending age
Imperial Age
RankedLock teamsTeams togetherTeam positionsShared explorationLock speedFull tech treeHidden civsTurbo modeCheats
Victory
Defeat
🇨🇴 Muisca · Colombia
1109
+15
🇺🇸 Tupi · United States
1078
-15
Chaac1706
5:26 Loom
6:15 Loom
9:09 Feudal Age
9:36 Champi Runner
12:24 Wheelbarrow
11:37 Double-Bit Axe
12:05 Horse Collar
19:45 Castle Age
18:24 Town Watch
18:42 Scale Mail Armor
18:37 Gold Mining
20:54 Chain Mail Armor
20:02 Champi Warrior
21:52 Forging
gnozl
7:59 Loom
10:51 Feudal Age
12:22 Double-Bit Axe
12:17 Horse Collar
19:34 Champi Runner
23:28 Castle Age
21:26 Fletching
22:29 Forging
Connection lost

Rejoining the realm…

Still unreachable

The connection could not be restored.

Session expired

The server has moved on; the page needs a fresh start.